Map: [ESL] Solaris

Players

PtitDrogo - Winner!

  • Race: Protoss Protoss
  • Spawn Location: 1:00

Lambo

  • Race: Zerg Zerg
  • Spawn Location: 7:00

Event: HomeStory Cup XXIV

VOD

Have the link to the VOD?

Description

Time

  • Played on: Dec. 1, 2023, 12:06 p.m.
  • Length: 16:43

All games in this series

Show
View Real Time Build Order
Export as new Build Order

PtitDrogo Protoss - Winner!

Build Orders: 1 Gate Expand, Oracle Opening, Archon Immortal 

Get SALT Encoding   

  12  0:00  Probe  
  13  0:12  Probe  
  14  0:19  Pylon  
  14  0:24  Probe  
  15  0:34  Assimilator  
  15  0:37  Probe (Chrono Boost)  
  16  0:44  Gateway  
  16  0:47  Probe (Chrono Boost)  
  17  0:52  Probe (Chrono Boost)  
  18  1:04  Probe  
  19  1:16  Probe  
  20  1:23  Nexus  
  20  1:32  Cybernetics Core  
  20  1:35  Probe  
  21  1:41  Assimilator  
  21  1:47  Probe  
  21  1:49  Pylon  
  22  2:00  Probe (Chrono Boost)  
  23  2:08  Stalker  
  23  2:12  Probe (Chrono Boost)  
  23  2:13  Stargate  
  26  2:20  Probe (Chrono Boost)  
  27  2:22  Warp Gate  
  27  2:27  Probe (Chrono Boost)  
  28  2:35  Probe (Chrono Boost)  
  29  2:38  Adept  
  29  2:44  Probe x2 (Chrono Boost)  
  33  2:49  Probe (Chrono Boost)  
  33  2:50  Probe  
  34  2:56  Oracle (Chrono Boost)  
  35  3:01  Probe  
  35  3:02  Probe  
  35  3:04  Pylon  
  40  3:13  Probe  
  40  3:14  Probe  
  40  3:17  Gateway  
  42  3:23  Oracle (Chrono Boost)  
  42  3:26  Probe x2  
  47  3:38  Probe  
  47  3:39  Probe  
  49  3:42  Nexus  
  49  3:44  Pylon  
  49  3:50  Probe  
  49  3:51  Probe  
  49  3:53  Oracle  
  54  4:02  Assimilator, Probe (Chrono Boost)  
  55  4:04  Assimilator  
  55  4:06  Pylon  
  55  4:08  Probe (Chrono Boost)  
  56  4:10  Adept  
  56  4:13  Probe (Chrono Boost)  
  60  4:17  Probe (Chrono Boost)  
  60  4:18  Probe (Chrono Boost)  
  61  4:30  Probe x2  
  63  4:37  Forge, Robotics Facility, Twilight Council  
  63  4:39  Zealot  
  63  4:42  Zealot  
  63  4:44  Probe  
  66  4:48  Probe  
  67  4:54  Probe  
  67  4:55  Gateway x2  
  67  4:56  Probe  
  69  5:00  Probe  
  69  5:06  Probe  
  71  5:08  Probe  
  71  5:10  Blink (Chrono Boost)  
  71  5:11  Protoss Ground Weapons Level 1  
  71  5:12  Probe  
  73  5:17  Pylon  
  73  5:18  Probe  
  73  5:19  Zealot  
  73  5:20  Probe  
  76  5:24  Probe  
  76  5:26  Observer (Chrono Boost)  
  78  5:29  Shield Battery  
  78  5:31  Stalker  
  78  5:32  Probe x2  
  80  5:36  Probe  
  81  5:44  Probe  
  81  5:48  Immortal (Chrono Boost), Probe  
  81  5:49  Probe  
  82  5:55  Assimilator  
  82  5:56  Robotics Bay, Probe  
  82  5:57  Robotics Facility, Assimilator  
  87  5:58  Observer  
  87  6:00  Probe  
  87  6:02  Probe  
  89  6:04  Pylon  
  89  6:06  Gateway  
  89  6:07  Gateway  
  89  6:15  Probe  
  90  6:20  Warp Prism (Chrono Boost)  
  92  6:27  Probe x2  
  89  6:41  Probe  
  89  6:43  Probe x2  
  89  6:46  Stalker x4  
  93  6:53  Colossus (Chrono Boost)  
  94  6:55  Photon Cannon  
  94  6:58  Photon Cannon, Extended Thermal Lance  
  99  7:02  Pylon, Charge  
  99  7:10  Protoss Ground Weapons Level 2 (Chrono Boost)  
  99  7:15  Adept  
  99  7:17  Colossus (Chrono Boost)  
  99  7:20  Probe  
  99  7:21  Gateway  
  108  7:23  Gateway  
  108  7:31  Pylon  
  108  7:44  Nexus  
  108  7:46  Pylon  
  108  7:47  Colossus (Chrono Boost)  
  113  7:59  Probe  
  113  8:01  Stalker  
  113  8:03  Colossus (Chrono Boost)  
  113  8:04  Pylon  
  118  8:06  Stalker x3  
  118  8:09  Pylon  
  118  8:12  Pylon  
  124  8:21  Templar Archives  
  124  8:25  Pylon, Observer  
  124  8:26  Pylon  
  124  8:27  Stalker  
  124  8:28  Stalker x4, Photon Cannon  
  124  8:29  Shield Battery, Zealot x2  
  124  8:32  Pylon x2, Probe x2  
  140  8:46  Immortal (Chrono Boost)  
  144  8:55  Immortal (Chrono Boost)  
  148  9:04  High Templar x4, Zealot  
  148  9:05  Zealot x3  
  148  9:06  Probe x2  
  148  9:07  Assimilator  
  148  9:09  Assimilator  
  166  9:12  Archon x2, Photon Cannon  
  166  9:20  Immortal (Chrono Boost)  
  166  9:22  Probe x2  
  166  9:23  Probe  
  135  9:44  Zealot x4  
  135  9:45  Zealot x4  
  139  9:48  Probe  
  139  9:49  Immortal (Chrono Boost), Probe  
  145  9:55  Gateway  
  145  9:56  Immortal (Chrono Boost), Protoss Ground Weapons Level 3 (Chrono Boost)  
  145  9:58  Gateway  
  149  10:02  Psionic Storm  
  149  10:13  High Templar x5  
  159  10:16  Probe x2  
  159  10:19  Photon Cannon  
  159  10:21  Shield Battery  
  161  10:29  Pylon  
  151  10:37  Immortal (Chrono Boost)  
  151  10:41  Observer (Chrono Boost)  
  154  10:54  Immortal (Chrono Boost)  
  154  10:55  Zealot x8  
  166  11:07  High Templar x2  
  166  11:08  Nexus  
  166  11:09  Pylon, Immortal  
  166  11:10  Photon Cannon  
  174  11:12  Photon Cannon  
  174  11:19  Zealot x5  
  118  11:49  Zealot x7  
  118  11:50  Zealot x2  
  130  11:56  Immortal x2 (Chrono Boost)  
  138  12:02  Photon Cannon  
  138  12:03  Shield Battery  
  138  12:04  Probe  
  139  12:10  High Templar x9  
  139  12:15  Archon x3  
  157  12:20  Photon Cannon  
  157  12:26  Immortal x2 (Chrono Boost)  
  163  12:42  Zealot x8  
  163  12:43  Zealot  
  173  13:03  Zealot x9, Immortal (Chrono Boost)  
  191  13:06  Observer (Chrono Boost)  
  184  13:41  Immortal x2 (Chrono Boost)  
  160  13:48  High Templar x3, Zealot x3  
  162  13:49  Zealot x3  
  162  13:54  Probe  
  171  14:07  Stargate  
  173  14:11  Void Ray (Chrono Boost), Fleet Beacon, Immortal x2 (Chrono Boost)  
  173  14:13  Stalker x3  
  173  14:14  Zealot x3  
  193  14:28  Stalker  
  193  14:29  Stalker x2  
  199  14:38  Zealot x3  
  189  14:46  Assimilator  
  189  14:47  Assimilator  
  189  14:52  Carrier (Chrono Boost)  
  185  14:53  Carrier (Chrono Boost)  
  193  15:11  High Templar x3  
  199  15:16  Archon  
  199  15:24  Nexus  
  199  15:26  Pylon  
  189  15:52  Stalker x9  
  161  16:17  Stalker x9  
  171  16:38  Archon  
Show
View Real Time Build Order
Export as new Build Order

Lambo Zerg 

Build Orders: Hatch First, Lurkers, Roach Hydra 

Get SALT Encoding   

  12  0:00  Drone  
  13  0:12  Overlord  
  13  0:16  Drone  
  14  0:30  Drone x2  
  16  0:47  Hatchery  
  15  0:50  Drone  
  15  0:53  Drone  
  18  0:57  Drone  
  18  1:07  Extractor  
  17  1:12  Spawning Pool  
  17  1:15  Drone  
  17  1:18  Drone  
  18  1:27  Drone  
  19  1:38  Drone  
  20  1:48  Drone  
  21  1:59  Queen x2  
  21  2:00  Zergling x2, Overlord  
  26  2:08  Metabolic Boost  
  26  2:10  Drone x2  
  28  2:20  Drone  
  28  2:21  Drone  
  30  2:32  Drone x2  
  30  2:35  Hatchery  
  31  2:43  Drone  
  31  2:44  Overlord  
  32  2:55  Queen, Drone x2  
  36  3:01  Queen  
  36  3:03  Drone  
  39  3:06  Drone  
  39  3:07  Overlord  
  39  3:11  Drone x2  
  42  3:14  Drone  
  42  3:19  Overlord  
  42  3:27  Overlord  
  42  3:28  Drone  
  42  3:31  Queen  
  45  3:39  Queen  
  45  3:40  Overlord  
  45  3:41  Zergling x8  
  51  3:43  Spore Crawler  
  50  3:48  Queen  
  50  3:50  Drone  
  50  3:53  Zergling x2  
  50  3:55  Drone  
  55  4:00  Drone x2  
  57  4:03  Drone x4  
  61  4:12  Drone  
  61  4:13  Drone x3  
  61  4:15  Spore Crawler  
  64  4:19  Drone x2  
  64  4:20  Drone  
  64  4:23  Drone  
  65  4:29  Drone  
  65  4:30  Drone  
  66  4:33  Overlord  
  66  4:36  Lair  
  66  4:38  Extractor, Drone  
  66  4:41  Zergling x2  
  66  4:42  Zergling x4  
  66  4:45  Drone x2  
  69  4:46  Drone x2  
  69  4:50  Evolution Chamber  
  69  4:52  Overlord  
  70  4:54  Drone x2  
  70  4:55  Drone  
  70  4:57  Drone  
  74  5:01  Drone  
  74  5:06  Spore Crawler, Drone x2  
  76  5:09  Drone x4  
  76  5:11  Roach Warren  
  76  5:12  Extractor, Drone  
  79  5:14  Extractor, Overlord  
  79  5:18  Drone x3  
  79  5:20  Drone x2  
  82  5:23  Drone  
  82  5:24  Zerg Missile Weapons Level 1  
  82  5:27  Extractor, Drone  
  83  5:28  Extractor  
  83  5:29  Drone  
  83  5:31  Drone  
  84  5:37  Overlord  
  84  5:42  Drone x6  
  88  5:43  Drone x2  
  87  5:52  Roach, Infestation Pit  
  87  5:53  Overseer  
  88  5:57  Roach x4  
  88  6:01  Glial Reconstitution  
  88  6:04  Zergling x4  
  98  6:06  Hatchery  
  98  6:07  Overlord  
  98  6:08  Overlord  
  98  6:11  Zergling x10  
  102  6:19  Roach  
  102  6:20  Roach  
  106  6:27  Overlord x2  
  106  6:30  Overlord  
  106  6:33  Overlord  
  106  6:35  Overlord  
  102  6:40  Roach x9  
  120  6:49  Queen  
  120  6:50  Roach x3  
  124  6:54  Hive  
  124  6:57  Drone x4  
  124  6:58  Hydralisk Den  
  127  7:02  Drone  
  127  7:04  Drone x7  
  135  7:10  Queen  
  135  7:11  Drone  
  135  7:12  Drone  
  139  7:16  Drone  
  139  7:20  Zerg Missile Weapons Level 2  
  139  7:21  Extractor x2  
  138  7:23  Drone  
  138  7:24  Spine Crawler, Drone x5  
  138  7:28  Muscular Augments  
  143  7:34  Hydralisk  
  143  7:35  Hydralisk x2, Lurker Den  
  148  7:40  Hydralisk x3  
  154  7:45  Spore Crawler  
  154  7:46  Spine Crawler, Hydralisk  
  154  7:48  Overlord  
  154  7:56  Hydralisk x4  
  159  8:09  Viper x2  
  159  8:10  Viper  
  168  8:19  Queen x2  
  172  8:22  Spine Crawler  
  171  8:29  Hatchery  
  171  8:33  Spine Crawler, Drone  
  170  8:35  Drone x2  
  170  8:36  Spine Crawler  
  170  8:37  Spine Crawler, Grooved Spines  
  170  8:43  Lurker, Seismic Spines  
  170  8:44  Lurker x4  
  170  8:46  Overlord x2  
  175  8:52  Spine Crawler  
  175  8:54  Lurker  
  175  9:00  Overlord x2  
  175  9:02  Overlord  
  175  9:04  Overseer  
  175  9:08  Hydralisk x3  
  181  9:10  Overlord x6  
  181  9:19  Spine Crawler  
  181  9:21  Hydralisk x2  
  181  9:22  Spine Crawler x2  
  182  9:31  Roach x8  
  189  9:35  Roach x3  
  189  9:36  Unknown  
  175  9:40  Roach x3, Adaptive Talons  
  175  9:42  Roach x2  
  172  9:51  Lurker  
  172  9:52  Lurker x4  
  177  9:53  Lurker  
  177  9:58  Roach x4  
  186  10:04  Lurker  
  185  10:09  Lurker  
  185  10:10  Overseer  
  185  10:12  Hatchery  
  185  10:17  Lurker  
  186  10:22  Hydralisk x4  
  186  10:23  Spore Crawler  
  186  10:27  Roach  
  186  10:28  Roach x2  
  197  10:37  Lurker  
  198  10:49  Hydralisk  
  192  10:59  Zerg Missile Weapons Level 3, Spire  
  192  11:02  Evolution Chamber  
  182  11:11  Hydralisk  
  182  11:12  Lurker  
  182  11:13  Lurker x2, Overlord  
  182  11:14  Roach x6  
  199  11:24  Hatchery  
  195  11:34  Roach x7  
  195  11:39  Roach x11  
  199  11:42  Roach x4  
  199  11:43  Roach  
  199  11:46  Roach  
  199  11:47  Roach x4  
  188  11:51  Roach x4  
  188  11:52  Overseer  
  188  11:54  Roach x2  
  172  11:57  Drone x2  
  172  12:03  Roach x8  
  188  12:09  Lurker, Extractor  
  188  12:10  Drone x3  
  188  12:11  Drone x2  
  188  12:13  Extractor  
  188  12:15  Drone x3  
  195  12:16  Spine Crawler  
  195  12:19  Hydralisk x2  
  195  12:20  Zerg Ground Armor Level 1  
  198  12:28  Greater Spire  
  198  12:42  Pneumatized Carapace  
  198  12:51  Hydralisk x2  
  189  12:53  Lurker x2  
  193  13:18  Hydralisk x2  
  193  13:19  Unknown  
  197  13:27  Hydralisk x3  
  197  13:31  Hydralisk x4  
  199  13:39  Roach x10  
  189  13:52  Corruptor  
  189  13:53  Corruptor x5  
  199  14:07  Spine Crawler  
  199  14:09  Lurker x4  
  200  14:11  Hatchery  
  200  14:12  Zerg Flyer Weapons Level 1  
  199  14:29  Spine Crawler  
  199  14:31  Brood Lord x2, Spine Crawler x2  
  199  14:32  Spine Crawler  
  199  14:38  Brood Lord x2  
  197  14:53  Brood Lord  
  197  14:59  Brood Lord  
  199  15:01  Lurker  
  200  15:17  Spine Crawler  
  200  15:18  Lurker, Hatchery, Spine Crawler  
  200  15:19  Overseer x2  
  198  15:32  Lurker x2  
  197  15:45  Lurker x2  
  177  16:04  Hydralisk x17  
  146  16:15  Hydralisk x4  
Tags
 
Add a new tag
Caveats
  • Supply blocks, unpowered buildings, or Contaminate may cause inaccurate times.
  • Supply counts are checked every 10 seconds.